 Dungeon Crawl Stone Soup version 0.29-a0-857-g9b1aa3ac5b (webtiles) character file.

Game seed: 2389903294293725106

1001 reriks the Sneak (level 8, -4/42 HPs)
             Began as a Spriggan Hunter on July 17, 2022.
             Shot with an arrow by a centaur (9 damage)
             ... on level 5 of the Dungeon.
             The game lasted 00:10:55 (8784 turns).

reriks the Sneak (Spriggan Hunter)                  Turns: 8784, Time: 00:10:55

Health: -4/42      AC:  2    Str:  9    XL:     8   Next: 0%
Magic:  9/9        EV: 25    Int: 10    God:
Gold:   203        SH:  0    Dex: 19    Spells: 7/7 levels left

rFire   . . .      SeeInvis +   a - +0 shortbow
rCold   . . .      Faith    .   (shield currently unavailable)
rNeg    . . .      Spirit   .   c - +0 robe
rPois   +          Reflect  .   (helmet restricted)
rElec   .          Harm     .   n - scarf {+Inv}
rCorr   .          Rampage  .   (gloves unavailable)
Will    +....                   (boots unavailable)
Stlth   +++.......              (no amulet)
HPRegen 0.14/turn               q - +4 ring of evasion
MPRegen 0.11/turn               t - ring of poison resistance

@: very quick
A: very small, no large weapons, unfitting armour, see invisible, speed 3
a: Evoke Invisibility


You were on level 5 of the Dungeon.
You visited 1 branch of the dungeon, and saw 5 of its levels.

You collected 203 gold pieces.

Inventory:

Hand Weapons
 a - a +0 shortbow (weapon)
Armour
 c - a +0 robe (worn)
 n - a scarf of invisibility (worn)
Jewellery
 d - a ring of magical power
 o - a ring of resist corrosion
 q - a +4 ring of evasion (left hand)
 t - a ring of poison resistance (right hand)
Wands
 v - a wand of digging (5)
Scrolls
 b - a scroll of immolation
 e - 2 scrolls of identify {unknown}
 f - a scroll of silence {unknown}
 i - a scroll of enchant weapon {unknown}
 j - 2 scrolls of blinking {unknown}
 k - a scroll of teleportation {unknown}
 l - a scroll of amnesia {unknown}
 r - a scroll of vulnerability {unknown}
Potions
 g - a potion of invisibility {unknown}
 h - 3 potions of mutation {unknown}
 m - 3 potions of brilliance {unknown}
 p - a potion of experience {unknown}
 s - a potion of attraction {unknown}
 u - 2 potions of heal wounds {unknown}


   Skills:
 * Level 4.6 Fighting
 + Level 5.5 Ranged Weapons
 + Level 2.2 Armour
 + Level 5.8 Dodging
 + Level 6.1 Stealth


You had 7 spell levels left.
You didn't know any spells.
Your spell library contained the following spells:

 Spells                   Type           Power      Damage    Failure   Level
 Beastly Appendage        Tmut           0%         N/A       36%         1
 Wereblood                Tmut           0%         N/A       50%         2
 Spider Form              Tmut/Pois      0%         N/A       75%         3
 Animate Dead             Necr           0%         N/A       98%         4
 Haunt                    Necr/Summ      0%         N/A       100%        7
 Infestation              Necr           0%         N/A       100%        8


Dungeon Overview and Level Annotations

Branches:
Dungeon (5/15)
 Temple: D:4-7

Altars:
Trog
Xom

Shops:
D:4 ::

Annotations:
D:2 Natasha
D:4 1 runed translucent door, MisterPants's ghost, amateur MiAr
D:5 Ijyb


Innate Abilities, Weirdness & Mutations

You are very small and have problems with some larger weapons.
You are too small for most types of armour.
You have supernaturally acute eyesight. (SInv)
You cover ground extremely quickly. (Speed+++)


Message History

An adder comes into view.
There is a stone staircase leading up, spattered with blood here.
You shoot an arrow. The arrow hits the adder!
The adder is almost dead.
The centaur shoots an arrow.
The arrow barely misses you. The adder misses you.
You shoot an arrow. The arrow hits the adder!
You kill the adder!
The centaur shoots an arrow.
The arrow hits you!
The centaur shoots an arrow.
The arrow misses you.
You have reached level 8!
The centaur shoots an arrow.
The arrow completely misses you.
The centaur shoots an arrow.
The arrow completely misses you.
You climb upwards.
Level annotation: 1 runed translucent door, MisterPants's ghost, amateur MiAr
There is a stone staircase leading down here.
You start resting.
HP restored.
You climb downwards.
Level annotation: Ijyb
There is a stone staircase leading up, spattered with blood here.
You start waiting.
The centaur shoots an arrow.
The arrow misses you.
You shoot an arrow. The arrow barely misses the centaur.
The centaur shoots an arrow.
The arrow closely misses you.
The centaur shoots an arrow.
The arrow hits you!
You shoot an arrow. The arrow barely misses the centaur.
The centaur shoots an arrow.
The arrow completely misses you.
The centaur shoots an arrow.
The arrow closely misses you.
You shoot an arrow. The arrow hits the centaur.
The centaur is moderately wounded.
The centaur shoots an arrow.
The arrow hits you!
You shoot an arrow.
The arrow hits the centaur but does no damage.
The centaur is moderately wounded.
The centaur shoots an arrow.
The arrow hits you!
You are too injured to fight recklessly!
The centaur shoots an arrow.
The arrow hits you!
* * * LOW HITPOINT WARNING * * *
The centaur shoots an arrow.
The arrow hits you!
You die...

.. ... ....# #. #.#
?...# ... ... ##!###.#
..>. .>.. ..
......##..## .....##.#
#.#.......##
#.....#..###..........#
....#.##..##....=......#
........#.##...........#
..........#..@.........
#....................
#....?..?##c.........
##...........#.##....
#..$................
#.......##..#.###..
#.......##....#
#.......###...#
#######.# ...


You could see a centaur.

Vanquished Creatures
  A sky beast (D:4)
  2 centaurs (D:5)
  3 phantoms
  A necrophage (D:4)
  3 hounds
  3 iguanas
  Terence (D:2)
  An orc wizard (D:4)
  3 gnolls
  10 adders
  An ufetubus (D:5)
  2 worms (D:2)
  2 dart slugs
  6 orcs
  10 ball pythons
  6 endoplasms
  3 giant cockroaches
  6 goblins
  9 hobgoblins
  24 jackals
  2 quokkas
  4 bats
  2 frilled lizards
  7 kobolds
  3 rats
115 creatures vanquished.

Notes
Turn   | Place    | Note
-------+----------+-------------------------------------------
     0 | D:1      | reriks the Spriggan Hunter began the quest for the Orb.
     0 | D:1      | Reached XP level 1. HP: 10/10 MP: 2/2
   306 | D:1      | Reached skill level 2 in Stealth
   312 | D:1      | Found a faded altar of an unknown god.
   334 | D:1      | Reached XP level 2. HP: 15/15 MP: 3/3
  1355 | D:2      | Reached XP level 3. HP: 18/18 MP: 4/4
  1417 | D:2      | Identified the +5 pair of boots of Modesty {rF+ rC+ Regen+
                  | Slay-3}
  1431 | D:2      | Noticed Natasha
  1716 | D:2      | Reached skill level 3 in Stealth
  3117 | D:2      | Reached XP level 4. HP: 23/23 MP: 5/5
  3280 | D:3      | Noticed Terence
  3341 | D:2      | Killed Terence
  4308 | D:3      | Reached XP level 5. HP: 14/27 MP: 6/6
  4717 | D:4      | Noticed MisterPants's ghost (amateur MiAr)
  4842 | D:4      | Found a runed translucent door.
  4892 | D:4      | Found a shimmering altar of Xom.
  4974 | D:4      | Reached skill level 4 in Stealth
  5009 | D:4      | Found Dof Wuytoa's Book Shop.
  5067 | D:4      | Reached skill level 1 in Armour
  5233 | D:4      | Found a bloodstained altar of Trog.
  5405 | D:4      | Reached XP level 6. HP: 31/32 MP: 7/7
  5529 | D:4      | Found Edaazxoi's Tremendous Tomes.
  5977 | D:5      | Entered Level 5 of the Dungeon
  5977 | D:5      | Noticed a sky beast
  6243 | D:4      | Reached skill level 5 in Ranged Weapons
  6476 | D:5      | Reached skill level 5 in Dodging
  6476 | D:5      | Reached skill level 5 in Stealth
  6476 | D:5      | Reached XP level 7. HP: 22/37 MP: 8/8
  8293 | D:5      | Noticed Ijyb
  8317 | D:5      | Reached skill level 6 in Stealth
  8655 | D:5      | Reached XP level 8. HP: 25/42 MP: 9/9
  8784 | D:5      | Shot with an arrow by a centaur

Illustrated notes

Levels and vault maps discovered:
D:1:      dpeg_arrival_round_c, layout_basic,
          hellmonk_ecumenical_altar_dog_temple, chequers_serial_rivers_large_b
D:2:      layout_loops_ring, minmay_strange_pillars, uniq_natasha
D:3:      layout_loops_ring, grunt_ministairs_9, uniq_terence
D:4:      layout_basic, lightli_temple_of_fire, tgw_xom,
          hellmonk_ghost_happy_afterlife, serial_shops,
          nicolae_shop_advertising_works [nicolae_subvault_shop_adworks],
          minmay_misc_feat_four_crosses, nicolae_shop_i_like_big_books,
          grunt_ministairs_4, chequers_serial_rivers_micro_b, item_on_display_a
D:5:      cheibrodos_fzero, layout_rooms, nemelex_spade_bored_becter,
          minmay_temple_entry_poolview, uniq_ijyb

Skill      XL: |  1  2  3  4  5  6  7 |
---------------+----------------------+-----
Stealth        | 2 3 4 5 6 |  6.1
Dodging        | 3 4 5 |  5.8
Fighting       | 2 3 4 |  4.6
Armour         | 1 2 |  2.2
Ranged Weapons | 5 |  5.5

Action                   |  1- 3 |  4- 6 |  7- 9 || total
-------------------------+-------+-------+-------++-------
 Fire: Shortbow          |   154 |   201 |   121 ||   476
Armor: Robe              |     2 |     8 |     3 ||    13
Dodge: Dodged            |    56 |    93 |    89 ||   238

Table legend: (Time is in decaauts)
 A = Elapsed time spent in this place.
 B = Non-inter-level travel time spent in this place.
 C = Inter-level travel time spent in this place.
 D = Time resting spent in this place.
 E = Time spent auto-exploring this place.
 F = Levels seen in this place.
 G = Mean time per level.
                   A        B        C        D        E       F      G
               +--------+--------+--------+--------+--------+-----+--------+
         Total |   7409 |   7138 |    271 |   4238 |   1790 |   5 | 1481.8 |
       Dungeon |   7409 |   7138 |    271 |   4238 |   1790 |   5 | 1481.8 |
               +--------+--------+--------+--------+--------+-----+--------+

Top non-repeatable levels by time:
     D:4: 2860 daAuts
     D:2: 1315 daAuts
     D:1: 1287 daAuts
     D:3: 1201 daAuts
     D:5: 744 daAuts
